 Dungeon Crawl Stone Soup version 0.30.1-3-gfc49f6343a (webtiles) character file.

Game seed: 8106179682903699077

83 Heoruswealwe the Shooter (level 4, -2/38 HPs)
             Began as a Demigod Hunter on July 24, 2023.
             Slain by Terence
             ... wielding a +0 falchion
              (9 damage)
             ... on level 2 of the Dungeon.
             The game lasted 00:10:44 (1230 turns).

Heoruswealwe the Shooter (Demigod Hunter)           Turns: 1230, Time: 00:10:45

Health: -2/38      AC:  5    Str: 12    XL:     4   Next: 2%
Magic:  6/6        EV: 12    Int: 11    God:
Gold:   72         SH:  0    Dex: 21    Spells: 3/3 levels left

rFire   . . .        a - +0 shortbow
rCold   . . .        (shield currently unavailable)
rNeg    . . .        c - +0 leather armour
rPois   .            (no helmet)
rElec   .            h - +0 cloak
rCorr   .            f - +0 pair of gloves
SInv    .            (no boots)
Will    .....        (no amulet)
Stlth   ++           (no ring)
HPRegen 0.26/turn    (no ring)
MPRegen 0.10/turn

%: no passive effects
@: no status effects
A: high MP 1, forlorn, divine attributes
a: no special abilities


You were on level 2 of the Dungeon.
You visited 1 branch of the dungeon, and saw 2 of its levels.

You collected 72 gold pieces.

Inventory:

Hand Weapons
 a - a +0 shortbow (weapon)
Armour
 c - a +0 leather armour (worn)
 f - a +0 pair of gloves (worn)
 h - a +0 cloak (worn)
Scrolls
 b - a scroll of immolation
 d - a scroll of vulnerability {unknown}
 e - a scroll of magic mapping {unknown}
 g - 2 scrolls of identify {unknown}
 i - a scroll of acquirement {unknown}
 j - a scroll of butterflies {unknown}
 l - a scroll of noise {unknown}
Potions
 m - a potion of lignification {unknown}
 n - a potion of cancellation {unknown}
 o - a potion of ambrosia {unknown}


   Skills:
 + Level 3.1 Fighting
 + Level 4.5 Ranged Weapons
 - Level 1.7 Dodging
 - Level 0.8 Stealth


You had 3 spell levels left.
You didn't know any spells.
Your spell library contained the following spells:

 Spells                   Type           Power      Damage    Failure   Level
 Blink                    Tloc           0%         N/A       56%         2
 Lesser Beckoning         Tloc           0%         N/A       56%         2
 Momentum Strike          Conj/Tloc      0%         3d8       56%         2


Dungeon Overview and Level Annotations

Branches:
Dungeon (2/15)

Annotations:
D:2 Terence


Innate Abilities, Weirdness & Mutations

You have an increased reservoir of magic. (+10% MP)
You shall have no god before yourself.
Your divine heritage dramatically boosts your attributes as you level up.


Message History

Terence hits you with a +0 falchion!
You are too injured to fight recklessly!
You are too injured to fight recklessly!
Fire: a) +0 shortbow
Press: ? - help, Q - select action Shift-Dir - straight line, f/p - Terence
Aim: Terence, wielding a +0 falchion and wearing a +1 chain mail of cold resistance (moderately wounded, 72% to hit)
You shoot an arrow.
The arrow hits Terence but does no damage.
Terence is moderately wounded.
Terence hits you with a +0 falchion.
* * * LOW HITPOINT WARNING * * *
Fire: a) +0 shortbow
Press: ? - help, Q - select action Shift-Dir - straight line, f/p - Terence
Aim: Terence, wielding a +0 falchion and wearing a +1 chain mail of cold resistance (moderately wounded, 72% to hit)
You shoot an arrow. The arrow barely misses Terence.
Terence barely misses you.
Okay, then.
Fire: a) +0 shortbow
Press: ? - help, Q - select action Shift-Dir - straight line, f/p - Terence
Aim: Terence, wielding a +0 falchion and wearing a +1 chain mail of cold resistance (moderately wounded, 72% to hit)
You shoot an arrow.
The arrow hits Terence but does no damage.
Terence is moderately wounded.
Terence barely misses you. Terence hits you with a +0 falchion.
* * * LOW HITPOINT WARNING * * *
Fire: a) +0 shortbow
Press: ? - help, Q - select action Shift-Dir - straight line, f/p - Terence
Aim: Terence, wielding a +0 falchion and wearing a +1 chain mail of cold resistance (moderately wounded, 72% to hit)
You shoot an arrow.
The arrow hits Terence but does no damage.
Terence is moderately wounded.
Terence barely misses you.
Fire: a) +0 shortbow
Press: ? - help, Q - select action Shift-Dir - straight line, f/p - Terence
Aim: Terence, wielding a +0 falchion and wearing a +1 chain mail of cold resistance (moderately wounded, 72% to hit)
You shoot an arrow.
The arrow hits Terence but does no damage.
Terence is moderately wounded.
Terence hits you with a +0 falchion!
You die...

##.###########
......@@.....#
##.#########.#
#.# ### #.#
#.# #.# #.#
#.# ##.###.#
#......###
###.#...#.#


You could see Terence.

Vanquished Creatures
  A gnoll (D:2)
  2 adders (D:2)
  3 dart slugs
  3 endoplasms
  9 giant cockroaches
  3 goblins (D:2)
  6 hobgoblins
  3 jackals (D:1)
  A quokka (D:1)
  4 ball pythons
  2 bats (D:1)
  2 frilled lizards (D:2)
  6 rats
  A spectral kobold (D:1)
46 creatures vanquished.

Notes
Turn   | Place    | Note
-------+----------+-------------------------------------------
     0 | D:1      | Heoruswealwe the Demigod Hunter began the quest for the
                  | Orb.
     0 | D:1      | Reached XP level 1. HP: 17/17 MP: 3/3
    74 | D:1      | Reached XP level 2. HP: 24/24 MP: 4/4
   299 | D:1      | Reached skill level 4 in Ranged Weapons
   777 | D:2      | Reached XP level 3. HP: 30/30 MP: 5/5
  1177 | D:2      | Reached XP level 4. HP: 21/38 MP: 6/6
  1210 | D:2      | Noticed Terence
  1230 | D:2      | Slain by Terence

Illustrated notes

Levels and vault maps discovered:
D:1:      dpeg_arrival_tiny_g, layout_loops_cross,
          dreamdust_ecumenical_altar_drowned_temple, minmay_misc_feat_room,
          roderic_roman_lattice
D:2:      layout_basic, minmay_stone_trees_medium, minmay_increasing_density,
          uniq_terence

Skill      XL: |  1  2  3 |
---------------+----------+-----
Fighting       | 2 3 |  3.1
Ranged Weapons | 4 |  4.5
Dodging        | |  1.7
Stealth        | |  0.8

Action                     |  1- 3 |  4- 6 || total
---------------------------+-------+-------++-------
   Fire: Shortbow          |   138 |    17 ||   155
    Use: Potion            |     1 |     1 ||     2
 Armour: Leather armour    |    28 |     1 ||    29
  Dodge: Dodged            |    64 |    11 ||    75
